AoeStats
← Puffmutti

Golden Pit

509760044Analyzed
1v1 RM · 4d ago on Sep 27, 2026· 74m 5s· 2 players
Game mode
Random Map
Map size
Tiny (2 player)
Population
200
Speed
Normal
Resources
Standard
Victory
Conquest
Starting age
Dark Age
Ending age
Imperial Age
RankedLock teamsTeams togetherTeam positionsShared explorationLock speedFull tech treeHidden civsTurbo modeCheats
Victory
Defeat
🇧🇷 Ethiopians · Brazil
998
+14
🇩🇪 Varangians · Germany
957
-14
Fellipe
8:00 Loom
10:32 Feudal Age
11:15 Double-Bit Axe
19:28 Castle Age
18:13 Gold Mining
18:06 Horse Collar
19:43 Crossbowman
21:08 Padded Archer Armor
26:14 Bow Saw
27:41 Heavy Plow
27:52 Stone Mining
28:38 Fletching
30:07 Wheelbarrow
30:45 Bodkin Arrow
32:57 Ballistics
33:58 Murder Holes
37:39 Imperial Age
36:02 Leather Archer Armor
36:34 Elite Skirmisher
38:04 Thumb Ring
38:14 Arbalester
39:05 Bracer
41:36 Ring Archer Armor
42:13 Chemistry
45:00 Conscription
45:29 Torsion Engines
45:35 Scale Mail Armor
46:48 Hand Cart
48:28 Stone Shaft Mining
49:27 Chain Mail Armor
49:21 Scale Barding Armor
50:00 Squires
50:31 Chain Barding Armor
51:55 Two-Man Saw
51:03 Siege Engineers
51:59 Forging
51:36 Light Cavalry
53:25 Hussar
54:39 Masonry
68:19 Elite Shotel Warrior
70:02 Iron Casting
69:43 Chain Mail Armor
70:05 Gold Shaft Mining
69:58 Husbandry
69:20 Halberdier
69:46 Arson
70:51 Architecture
Puffmutti
11:13 Feudal Age
11:43 Loom
12:00 Double-Bit Axe
11:57 Horse Collar
19:01 Bloodlines
19:13 Fletching
25:35 Castle Age
26:49 Bodkin Arrow
26:56 Scale Mail Armor
27:06 Forging
27:31 Gold Mining
27:57 Forging
28:38 Elite Skirmisher
32:35 Bow Saw
32:39 Padded Archer Armor
36:08 Imperial Age
35:56 Leather Archer Armor
39:10 Bracer
39:47 Iron Casting
39:27 Chain Mail Armor
43:50 Chemistry
43:11 Ballistics
44:41 Elite Varangian Guard
49:40 Heavy Plow
51:14 Gothikon
52:31 Heavy Scorpion
54:58 Ring Archer Armor
54:44 Chain Mail Armor
55:29 Blast Furnace
59:25 Elite Jarl
63:11 Light Cavalry
64:14 Hussar
70:39 Scale Barding Armor
Connection lost

Rejoining the realm…

Still unreachable

The connection could not be restored.

Session expired

The server has moved on; the page needs a fresh start.